 Dungeon Sprint DCSS version 0.30-a0-1161-g0704695555 (webtiles) character file.

Game seed: 4019488510824155029

23584 retardedninja the Hoplite (level 13, -7/117 HPs)
             Began as a Formicid Fighter on Apr 27, 2023.
             Killed by the air
             ... invoked by a spriggan air mage
              (8 damage)
             ... in the Dungeon (Sprint V: "Ziggurat Sprint").
             The game lasted 00:11:13 (2741 turns).

retardedninja the Hoplite (Formicid Fighter)        Turns: 2741, Time: 00:11:14

Health: -7/117     AC: 40    Str: 35    XL:     13   Next: 36%
Magic:  13/13      EV:  5    Int: 12    God:
Gold:   0          SH: 36    Dex: 18    Spells: 12/12 levels left

rFire   . . .        b - +13 scythe of Curses {drain, curses, Drain}
rCold   + . .        B - +18 shield of the Gong {Loud rN+ Will+ rCorr EV-5}
rNeg    + . .        A - +15 Maxwell's patent armour {-Cast -Tele rElec Will+ rCorr}
rPois   .            (helmet unavailable)
rElec   +            (no cloak)
rCorr   +            c - +0 pair of gloves {Dex+3}
SInv    +            j - +1 pair of boots of Noughts and Crosses {rC+ Will++ Int+3}
Will    +++++        z - amulet of the acrobat Stlth
                     v - ring "Baonaa" {rCorr Str+6 Dex+2}
HPRegen 0.39/turn    l - ring of Evyq {AC+4 Str+4}
MPRegen 0.13/turn

%: no spellcasting, acrobat
@: mighty, studying Axes
A: permanent stasis, dig shafts and tunnels, antennae 3, four strong arms
a: Dig


You were in the Dungeon.
You visited 1 branch

Inventory:

Hand Weapons
 b - the +13 scythe of Curses (weapon) {drain, curses, Drain}
   (You found it in the Dungeon)

   Drain:     It drains your maximum health when unequipped.
 r - the +8 Wrath of Trog {antimagic, *Rage Rampage}
   (You found it in the Dungeon)

   It causes slowness and exhaustion when equipped.
   It extends the wielder's berserk rage when killing foes.
   *Rage:     It berserks you when you make melee attacks (+50% chance).
   Rampage:   It bestows one free step when moving towards enemies.
Armour
 c - a +0 pair of gloves of dexterity (worn)
 j - the +1 pair of boots of Noughts and Crosses (worn) {rC+ Will++ Int+3}
   (You found it in the Dungeon)

   Int:       It affects your intelligence (+3).
   rC:        It protects you from cold.
   Will:      It greatly increases your willpower.
 A - the +15 Maxwell's patent armour (worn) {-Cast -Tele rElec Will+ rCorr}
   (You found it in the Dungeon)

   rElec:     It insulates you from electricity.
   -Cast:     It prevents spellcasting.
   -Tele:     It prevents most forms of teleportation.
   rCorr:     It protects you from acid and corrosion.
   Will:      It increases your willpower.
 B - the +18 shield of the Gong (worn) {Loud rN+ Will+ rCorr EV-5}
   (You found it in the Dungeon)

   Loud:      It is deafeningly noisy when blocking attacks.
   EV:        It affects your evasion (-5).
   rN:        It protects you from negative energy.
   rCorr:     It protects you from acid and corrosion.
   Will:      It increases your willpower.
Magical Staves
 u - the staff of fire "Wishonk" {rF+ Str+2}
   (You found it in the Dungeon)

   [staff of fire]

   Base accuracy: +5 Base damage: 5 Base attack delay: 1.2 This weapon's minimum
   attack delay (0.6) is reached at skill level 12.
   Str:       It affects your strength (+2).
   rF:        It protects you from fire.
   It falls into the 'Staves' category.
   It is a weapon for one hand-pair.
Jewellery
 l - the ring of Evyq (right hand) {AC+4 Str+4}
   (You found it in the Dungeon)

   [ring of protection]

   AC:        It affects your AC (+4).
   Str:       It affects your strength (+4).
 v - the ring "Baonaa" (left hand) {rCorr Str+6 Dex+2}
   (You found it in the Dungeon)

   [ring of strength]

   Str:       It affects your strength (+6).
   Dex:       It affects your dexterity (+2).
   rCorr:     It protects you from acid and corrosion.
 z - an amulet of the acrobat (around neck)
Wands
 a - a wand of paralysis (8)
 f - a wand of digging (4)
 q - a wand of mindburst (27)
 s - a wand of flame (25)
Scrolls
 h - a scroll of blinking
 m - 4 scrolls of amnesia
 n - 6 scrolls of fog
 o - 5 scrolls of identify
 t - 2 scrolls of brand weapon
Potions
 d - 3 potions of might
 g - 7 potions of magic
 i - 2 potions of brilliance
 k - 4 potions of resistance


   Skills:
 + Level 15.8 Fighting
 - Level 2.0(10.5) Axes
 + Level 15.8(15.9) Polearms
 + Level 15.9 Armour
 + Level 2.9 Dodging
 - Level 5.2 Stealth
 + Level 25.3 Shields
 + Level 7.1 Evocations


You had 12 spell levels left.
You didn't know any spells.
Your spell library contained the following spells:

 Spells                   Type           Power      Damage    Failure   Level
 Apportation              Tloc           0%         N/A       80%         1
 Necrotise                Necr           0%         1d4       80%         1
 Sandblast                Erth           0%         2d4       80%         1
 Shock                    Conj/Air       0%         1d3       80%         1
 Summon Small Mammal      Summ           0%         N/A       80%         1
 Cigotuvi's Dreadful Rot  Necr/Pois/Air  0%         N/A       91%         2
 Lesser Beckoning         Tloc           0%         N/A       91%         2
 Momentum Strike          Conj/Tloc      0%         3d8       91%         2
 Passwall                 Tmut/Erth      0%         N/A       91%         2
 Poisonous Vapours        Pois/Air       0%         N/A       91%         2
 Scorch                   Fire           0%         2d5       91%         2
 Sublimation of Blood     Necr           0%         N/A       91%         2
 Wereblood                Tmut           0%         N/A       91%         2
 Gell's Gravitas          Tloc           0%         N/A       99%         3
 Mephitic Cloud           Conj/Pois/Air  0%         N/A       99%         3
 Stone Arrow              Conj/Erth      0%         3d7       99%         3
 Summon Guardian Golem    Hex/Summ       0%         N/A       99%         3
 Teleport Other           Tloc           0%         N/A       99%         3
 Tukima's Dance           Hex            0%         N/A       99%         3
 Animate Armour           Summ/Erth      0%         N/A       100%        4
 Animate Dead             Necr           0%         N/A       100%        4
 Dispel Undead            Necr           0%         3d6       100%        4
 Flame Wave               Conj/Fire      0%         2d4       100%        4
 Ice Form                 Ice/Tmut       0%         N/A       100%        4
 Petrify                  Tmut/Erth      0%         N/A       100%        4
 Borgnjor's Vile Clutch   Necr/Erth      0%         N/A       100%        5
 Freezing Cloud           Conj/Ice/Air   0%         6-21      100%        5
 Irradiate                Conj/Tmut      0%         3d11      100%        5
 Metabolic Englaciation   Hex/Ice        0%         N/A       100%        5
 Death Channel            Necr           0%         N/A       100%        6
 Dispersal                Tloc           0%         N/A       100%        6
 Statue Form              Tmut/Erth      0%         N/A       100%        6
 Summon Cactus Giant      Summ           0%         N/A       100%        6
 Orb of Destruction       Conj           0%         9d5       100%        7
 Spellforged Servitor     Conj/Summ      0%         N/A       100%        7
 Summon Hydra             Summ           0%         N/A       100%        7
 Blink                    Tloc           Unusable   N/A       N/A         2

Dungeon Overview and Level Annotations

Branches:
Dungeon (1/1)

Altars:
Ashenzari
Cheibriados
Dithmenos
Elyvilon
Fedhas
Gozag
Hepliaklqana
Kikubaaqudgha
Makhleb
Nemelex Xobeh
Okawaru
Qazlal
Ru
Sif Muna
Trog
Uskayaw
Vehumet
Wu Jian
Xom
Yredelemnul
Zin
The Shining One
Jiyva
Lugonu

Annotations:
D 1 transporter


Innate Abilities, Weirdness & Mutations

You cannot be hasted, slowed, berserked, paralysed or teleported.
You can dig through walls and to a lower floor.
You have a pair of large antennae on your head. (SInv)
Your four strong arms can wield two-handed weapons with a shield.


Message History

The air elemental hits you but does no damage.
You block the air elemental's attack.
GONNNNG!
The spriggan air mage hits you but does no damage.
You block the spriggan air mage's attack.
GONNNNG!
The spriggan air mage waves its arms in wide circles.
The air twists around and strikes you!
* * * LOW HITPOINT WARNING * * *
The air elemental hits you but does no damage.
The spriggan air mage gestures at you while chanting.
The bolt of lightning hits you. You resist.
* * * LOW HITPOINT WARNING * * *
The bolt of lightning hits the air elemental.
The air elemental completely resists.
The wind drake flaps its wings at you. The air twists around and strikes you.
* * * LOW HITPOINT WARNING * * *
The air elemental hits you but does no damage.
The spriggan air mage hits you.
* * * LOW HITPOINT WARNING * * *
Unknown command.
Unknown command.
You closely miss the spriggan air mage. You block the air elemental's attack.
PANG!
You block the air elemental's attack.
BONNNG!
You block the air elemental's attack.
PANG!
You block the air elemental's attack.
PTOANNNG!
The air elemental hits you but does no damage. x2
You block the spriggan air mage's attack.
BONNNG!
The spriggan air mage barely misses you.
The air elemental hits you.
* * * LOW HITPOINT WARNING * * *
The spriggan air mage waves its arms in wide circles.
The air twists around and strikes you!
You die...

▓....)....▓.
▓▓▓▓▓▓▓▓▓▓▓▓▓....†)...▓.
▓....8©8....▓....©†...▓.
▓..//)=).|..▓▓▓▓▓▓▓▓▓▓▓▓
▓...:)|[[...▓...8©8...▓.
▓...........▓.=.......▓.
▓.......i...▓...).....▓.
▓.....iE....▓..)......▓.
▓.....i@Ek..▓.....)...▓.
▓.....Eii...▓...)()...▓.
▓....k......▓.........▓)
▓...........▓.▓..)..▓.▓)
▓.....©.....▓....©....▓.
▓▓▓▓▓▓▓▓▓▓▓▓▓▓▓▓▓▓▓▓▓▓▓▓
▓...8©8...▓...8©8...▓...
▓...[...|.▓..).)=...▓..|
▓..|.)[...▓....).|..▓...


You could see 2 wind drakes, 5 spriggan air magi and 3 air elementals.

Vanquished Creatures
  An ancient lich (D)
  An emperor scorpion (D)
  A red draconian (D)
  An entropy weaver (D)
  A jorogumo (D)
  2 vampire magi (D)
  A skeletal warrior (D)
  2 spriggan druids (D)
  A deep elf archer (D)
  2 deep elf pyromancers (D)
  A necromancer (D)
  2 deep elf zephyrmancers (D)
  An orc sorcerer (D)
  2 cyclopes (D)
  2 draconians (D)
  A wolf spider (D)
  A torpor snail (D)
  A meliai (D)
  4 wind drakes (D)
  8 merfolk (D)
  3 tarantellas (D)
  3 hornets (D)
  2 air elementals (D)
  4 spriggans (D)
  3 shadows (D)
  A fire elemental (D)
  2 hell hounds (D)
  A water moccasin (D)
  4 black bears (D)
  3 wolves (D)
  2 centaurs (D)
  A necrophage (D)
  An adder (D)
  An adder zombie (D)
  2 adder skeletons (D)
  2 ball python zombies (D)
  A giant cockroach zombie (D)
  A jackal zombie (D)
73 creatures vanquished.

Vanquished Creatures (others)
  A dancing weapon (D)
  A deep elf knight (D)
  A deep elf zephyrmancer (D)
  A bat skeleton (D)
4 creatures vanquished.

Grand Total: 77 creatures vanquished

Notes
Turn   | Place    | Note
-------+----------+-------------------------------------------
     0 | D        | retardedninja the Formicid Fighter began the quest for the
                  | Orb.
     0 | D        | Reached XP level 1. HP: 18/18 MP: 1/1
     3 | D        | Found a blossoming altar of Fedhas.
     3 | D        | Found the +6 Majin-Bo {spellvamp, MP+6 Int+6}
     3 | D        | Found the +27 heavy crossbow "Sniper" {heavy, Acc+∞ SInv}
     3 | D        | Found the +10 dark maul {heavy}
     3 | D        | Found the +15 Maxwell's patent armour {-Cast -Tele rElec
                  | Will+ rCorr}
     3 | D        | Found the +18 shield of the Gong {Loud rN+ Will+ rCorr
                  | EV-5}
     3 | D        | Found the +16 obsidian axe {drain, demonic, Mesm Drain Fly
                  | SInv}
     3 | D        | Found the +7 great mace "Firestarter" {flame, immolate,
                  | rFlCloud rF++}
     3 | D        | Found the +6 shillelagh "Devastator" {shatter}
     3 | D        | Found the +11 plutonium sword {Contam Stlth-}
     3 | D        | Found the +8 lance "Wyrmbane" {slay drac, rPois rF+ rC+
                  | AC+3}
     3 | D        | Found the +9 sword of Zonguldrok {reap}
     3 | D        | Found the +13 scythe of Curses {drain, curses, Drain}
     3 | D        | Found the +9 sword of Power {lifebolt}
     3 | D        | Found the +7 mace of Variability {chaos, chaos arc}
     3 | D        | Found the +11 Singing Sword {sonic wave}
     3 | D        | Found the +8 storm bow {elec, penet}
     5 | D        | Found a shimmering blue altar of Sif Muna.
     5 | D        | Found a sacrificial altar of Ru.
     5 | D        | Found a bloodstained altar of Trog.
     5 | D        | Found a stormy altar of Qazlal.
     5 | D        | Found an iron altar of Okawaru.
     5 | D        | Found a sparkling altar of Nemelex Xobeh.
     7 | D        | Found a transporter.
     7 | D        | Found an ancient bone altar of Kikubaaqudgha.
     7 | D        | Found a viscous altar of Jiyva.
     7 | D        | Found a corrupted altar of Lugonu.
     7 | D        | Found a hazy altar of Hepliaklqana.
     7 | D        | Found a burning altar of Makhleb.
     7 | D        | Found an opulent altar of Gozag.
   172 | D        | Entered arena 2.
   172 | D        | Noticed a water moccasin
   172 | D        | Found a transporter.
   174 | D        | Killed a water moccasin
   175 | D        | Reached skill level 1 in Polearms
   175 | D        | Reached skill level 7 in Shields
   175 | D        | Reached XP level 2. HP: 26/29 MP: 2/2
   175 | D        | Reached XP level 3. HP: 31/35 MP: 3/3
   175 | D        | Reached XP level 4. HP: 37/41 MP: 4/4
   175 | D        | Reached XP level 5. HP: 42/47 MP: 5/5
   195 | D        | Entered arena 3.
   195 | D        | Noticed a draconian
   195 | D        | Noticed a red draconian
   195 | D        | Noticed a draconian
   195 | D        | Found a transporter.
   202 | D        | Killed a draconian
   203 | D        | Reached skill level 11 in Shields
   203 | D        | Reached XP level 6. HP: 14/60 MP: 6/6
   203 | D        | Reached XP level 7. HP: 15/65 MP: 7/7
   208 | D        | Killed a red draconian
   209 | D        | Reached skill level 5 in Polearms
   209 | D        | Reached skill level 10 in Armour
   209 | D        | Reached skill level 13 in Shields
   209 | D        | Reached XP level 8. HP: 46/75 MP: 8/8
   211 | D        | Killed a draconian
   212 | D        | Reached skill level 5 in Stealth
   212 | D        | Reached XP level 9. HP: 52/82 MP: 9/9
   428 | D        | Got Sif Muna's Compilation of Baleful Shapeshifting
   432 | D        | Entered arena 4.
   432 | D        | Found a transporter.
   433 | D        | Reached skill level 14 in Shields
   433 | D        | Reached XP level 10. HP: 89/89 MP: 10/10
   459 | D        | Entered arena 5.
   459 | D        | Noticed a deep elf pyromancer
   459 | D        | Noticed a deep elf zephyrmancer
   459 | D        | Noticed a deep elf pyromancer
   459 | D        | Found a transporter.
   466 | D        | Killed a deep elf pyromancer
   467 | D        | Reached skill level 15 in Shields
   469 | D        | Killed a deep elf pyromancer
   470 | D        | Reached skill level 1 in Dodging
   470 | D        | Killed a deep elf zephyrmancer
   471 | D        | Reached skill level 10 in Polearms
   471 | D        | Reached skill level 16 in Shields
   787 | D        | Entered arena 6.
   787 | D        | Found a transporter.
  1062 | D        | Entered arena 7.
  1062 | D        | Noticed a spriggan druid
  1062 | D        | Noticed a spriggan rider
  1065 | D        | Killed a spriggan druid
  1066 | D        | Reached skill level 17 in Shields
  1066 | D        | Reached XP level 11. HP: 98/98 MP: 11/11
  1066 | D        | Found a transporter.
  1069 | D        | Killed a spriggan rider
  1084 | D        | Got the ring of Evyq {AC+4 Str+4}
  1093 | D        | Got the staff of fire "Wishonk" {rF+ Str+2}
  1102 | D        | Entered arena 8.
  1102 | D        | Noticed a deep elf zephyrmancer
  1102 | D        | Noticed a deep elf archer
  1102 | D        | Noticed a deep elf zephyrmancer
  1102 | D        | Noticed a +0 vampiric war axe
  1102 | D        | Noticed an orc sorcerer
  1102 | D        | Noticed a deep elf knight
  1105 | D        | Killed an orc sorcerer
  1106 | D        | Reached skill level 18 in Shields
  1107 | D        | Killed a +0 vampiric war axe
  1108 | D        | Reached skill level 5 in Evocations
  1109 | D        | Killed a deep elf knight
  1114 | D        | Killed a deep elf zephyrmancer
  1115 | D        | Found a transporter.
  1116 | D        | Killed a deep elf zephyrmancer
  1117 | D        | Reached skill level 19 in Shields
  1124 | D        | Killed a deep elf archer
  1135 | D        | Got the +1 pair of boots of Noughts and Crosses {rC+ Will++
                  | Int+3}
  1190 | D        | Entered arena 9.
  1190 | D        | Noticed a spriggan druid
  1192 | D        | Found a transporter.
  1201 | D        | Killed a spriggan druid
  1292 | D        | Got the amulet of Existentialism {Acrobat Harm rF+ Slay-4}
  1297 | D        | Got the Teachings on Solid Feathers
  1306 | D        | Entered arena 10.
  1306 | D        | Noticed a cyclops
  1309 | D        | Reached skill level 20 in Shields
  1310 | D        | Found a transporter.
  1319 | D        | Killed a cyclops
  1320 | D        | Reached XP level 12. HP: 62/108 MP: 12/12
  1335 | D        | Reached skill level 21 in Shields
  1522 | D        | Entered arena 11.
  1522 | D        | Found the +8 Wrath of Trog {antimagic, *Rage Rampage}
  1524 | D        | Found a transporter.
  1910 | D        | Entered arena 12.
  1910 | D        | Noticed a skeletal warrior
  1910 | D        | Noticed an ancient lich
  1911 | D        | Noticed a vampire mage
  1912 | D        | Noticed a vampire mage
  1913 | D        | Noticed a shadow wraith
  1914 | D        | Found a transporter.
  1923 | D        | Killed an ancient lich
  1924 | D        | Reached skill level 15 in Armour
  1924 | D        | Reached skill level 23 in Shields
  1929 | D        | Killed a vampire mage
  1930 | D        | Reached skill level 15 in Fighting
  1932 | D        | Killed a skeletal warrior
  1938 | D        | Killed a vampire mage
  1939 | D        | Reached skill level 15 in Polearms
  1939 | D        | Reached XP level 13. HP: 15/116 MP: 13/13
  1942 | D        | Reached skill level 24 in Shields
  2301 | D        | Got the ring "Pofaeps" {*Corrode Int+8 Dex+6 SInv Stlth-}
  2306 | D        | Entered arena 13.
  2306 | D        | Noticed an emperor scorpion
  2306 | D        | Noticed a jorogumo
  2306 | D        | Noticed an entropy weaver
  2338 | D        | Killed an emperor scorpion
  2348 | D        | Killed a jorogumo
  2352 | D        | Killed an entropy weaver
  2353 | D        | Reached skill level 25 in Shields
  2361 | D        | Found a transporter.
  2705 | D        | Got the ring "Baonaa" {rCorr Str+6 Dex+2}
  2723 | D        | Entered arena 14.
  2724 | D        | Noticed a spriggan air mage
  2724 | D        | Noticed a spriggan air mage
  2725 | D        | Noticed a spriggan air mage
  2725 | D        | Noticed a spriggan air mage
  2725 | D        | Identified the ring of the Devouring Gods {rElec rPois
                  | Dex+2}
  2725 | D        | Noticed a spriggan air mage
  2732 | D        | Found a transporter.
  2740 | D        | HP: 4/117 [spriggan air mage/bolt of lightning (3)]
  2740 | D        | HP: 1/117 [spriggan air mage (2)]
  2741 | D        | Killed from afar by a spriggan air mage

Illustrated notes

Levels and vault maps discovered:
D:        sprint_v [room_start, room_1, room_2, room_3, room_4, room_5, room_6,
          room_7, room_8, room_9, room_10, room_11, room_12, room_13, room_14,
          room_15, room_16, room_17, room_18, room_19, room_20, room_21,
          room_22, room_23, room_24, room_25, room_26, room_27]

Skill      XL: |  1  2  3  4  5  6  7  8  9 10 11 12 13 |
---------------+----------------------------------------+-----
Fighting       | 6 9 11 12 13 14 15 | 15.8
Polearms       | 1 4 5 6 8 10 13 15 | 15.8
Armour         | 6 9 10 11 12 14 15 | 15.9
Shields        | 7 11 13 14 17 20 23 25 | 25.3
Stealth        | 2 4 5 |  5.2
Evocations     | 2 3 4 6 7 |  7.1
Dodging        | 1 2 |  2.9
Axes           | |  2.0

Action                     |  1- 3 |  4- 6 |  7- 9 | 10-12 | 13-15 || total
---------------------------+-------+-------+-------+-------+-------++-------
  Melee: Scythe            |     2 |     3 |     7 |   102 |    53 ||   167
  Evoke: Wand              |       |     3 |       |    18 |     2 ||    23
    Use: Potion            |       |     1 |     2 |    11 |    12 ||    26
         Scroll            |       |       |       |     2 |     1 ||     3
   Stab: Invisible         |       |     1 |     1 |     1 |       ||     3
 Armour: Plate armour      |     1 |     1 |     4 |   258 |   163 ||   427
  Dodge: Dodged            |       |     1 |     1 |    44 |    26 ||    72
  Block: Kite shield       |     6 |     9 |    11 |   449 |   205 ||   680

Table legend: (Time is in decaauts)
 A = Elapsed time spent in this place.
 B = Non-inter-level travel time spent in this place.
 C = Inter-level travel time spent in this place.
 D = Time resting spent in this place.
 E = Time spent auto-exploring this place.
 F = Levels seen in this place.
 G = Mean time per level.
                   A        B        C        D        E       F      G
               +--------+--------+--------+--------+--------+-----+--------+
         Total |   2802 |   2802 |      0 |   2125 |      2 |   1 | 2802.0 |
       Dungeon |   2802 |   2802 |      0 |   2125 |      2 |   1 | 2802.0 |
               +--------+--------+--------+--------+--------+-----+--------+

Top non-repeatable levels by time:
       D: 2802 daAuts
